General information
			
			
        
        - name: BNet
 
        - type: Ladder team game (AT/RT)
 
        - host: Battle.net
 
        - saver: AKodoAteMyBaby
 
        
map: TranquilPaths 
        - players: 4
 
        - length: 31:47
 
        - speed: Fast
 - version: 1.22 W3XP
 - replay type:  Public
 
» download(210 KB)
Players
        team 1 (winner) 
              
              
AKodoAteMyBaby (
teal | 89 APM | 2826 actions | 31:47)
              
 5 Archmage 
 3 Blizzard
 2 Brilliance Aura
 5 Blood Mage 
 3 Flame Strike
 1 Banish
 1 Siphon Mana
 5 Paladin 
 3 Holy Light
 2 Divine Shield
 
                » actions 
                
                | Assign group hotkey | 23 |  | 
| Basic commands | 25 |  | 
| Build / train | 123 |  | 
| ESC pressed | 1 |  | 
| Enter build submenu | 55 |  | 
| Enter hero's abilities submenu | 17 |  | 
| Give item / drop item | 13 |  | 
| Right click | 1333 |  | 
| Select / deselect | 622 |  | 
| Select group hotkey | 368 |  | 
| Use ability | 245 |  | 
                2826 total
 » units 
                
                | Peasant | 23 |  | 
| Priest | 4 |  | 
| Sorceress | 4 |  | 
| Ogre Mauler | 1 |  | 
| Goblin Zeppelin | 2 |  | 
                34 total
 » upgrades
                
                | Masonry | 3 |  | 
| Magic Sentry | 1 |  | 
| Sorceress Training | 2 |  | 
| Lumber Harvesting | 2 |  | 
| Priest Training | 2 |  | 
| Backpack | 1 |  | 
                11 total
 » buildings
                
                | Altar of Kings | 1 |  | 
| Farm | 4 |  | 
| Scout Tower | 56 |  | 
| Lumber Mill | 1 |  | 
| Arcane Tower | 11 |  | 
| Guard Tower | 28 |  | 
| Town Hall | 3 |  | 
| Keep | 1 |  | 
| Arcane Sanctum | 1 |  | 
| Castle | 1 |  | 
| Arcane Vault | 2 |  | 
                109 total
 » build order
                00:06 Altar of Kings
00:19 Farm
00:23 Scout Tower
00:29 Lumber Mill
00:52 Arcane Tower
01:25 Farm
01:36 Scout Tower
01:59 Scout Tower
02:06 Guard Tower
02:19 Scout Tower
02:30 Guard Tower
02:32 Scout Tower
02:59 Arcane Tower
03:05 Arcane Tower
03:52 Scout Tower
03:57 Scout Tower
03:59 Scout Tower
04:24 Guard Tower
04:26 Arcane Tower
04:31 Scout Tower
04:32 Scout Tower
04:58 Scout Tower
05:01 Guard Tower
05:02 Guard Tower
05:03 Scout Tower
05:50 Town Hall
06:02 Arcane Tower
06:03 Guard Tower
06:50 Keep
06:53 Farm
06:59 Scout Tower
07:07 Scout Tower
07:09 Scout Tower
07:10 Scout Tower
07:12 Scout Tower
07:31 Guard Tower
07:32 Scout Tower
08:02 Arcane Tower
08:04 Scout Tower
08:14 Guard Tower
08:16 Guard Tower
08:34 Guard Tower
08:41 Guard Tower
08:45 Scout Tower
08:46 Scout Tower
08:49 Scout Tower
09:20 Arcane Sanctum
09:23 Guard Tower
09:39 Guard Tower
09:43 Scout Tower
10:11 Guard Tower
10:57 Castle
11:12 Scout Tower
11:13 Scout Tower
11:14 Scout Tower
11:16 Scout Tower
11:16 Scout Tower
11:17 Scout Tower
11:29 Scout Tower
11:31 Scout Tower
12:23 Arcane Tower
12:24 Guard Tower
12:28 Arcane Vault
14:06 Arcane Tower
14:07 Guard Tower
14:31 Scout Tower
14:33 Scout Tower
14:33 Scout Tower
14:49 Farm
14:57 Arcane Vault
15:33 Guard Tower
17:20 Scout Tower
18:02 Guard Tower
18:28 Scout Tower
18:29 Scout Tower
18:30 Scout Tower
19:12 Guard Tower
19:14 Arcane Tower
19:18 Arcane Tower
19:20 Scout Tower
21:39 Arcane Tower
22:00 Scout Tower
22:21 Guard Tower
22:24 Scout Tower
22:25 Scout Tower
22:26 Scout Tower
22:27 Scout Tower
22:30 Town Hall
23:23 Guard Tower
23:37 Guard Tower
24:35 Scout Tower
25:15 Guard Tower
26:40 Scout Tower
26:42 Scout Tower
26:42 Scout Tower
26:43 Scout Tower
26:44 Scout Tower
26:45 Scout Tower
27:13 Guard Tower
27:14 Scout Tower
28:06 Guard Tower
28:14 Guard Tower
28:16 Town Hall
29:06 Scout Tower
29:07 Scout Tower
29:08 Scout Tower
30:16 Scout Tower
30:45 Guard Tower
31:04 Guard Tower
» items
                
                | Staff of Teleportation | 3 |  | 
| Boots of Speed | 3 |  | 
| Healing Salve | 2 |  | 
| Orb of Lightning | 4 |  | 
| Potion of Healing | 3 |  | 
| Periapt of Vitality | 1 |  | 
| Staff of Sanctuary | 3 |  | 
                19 total
  
               
              
              
GobinersASSFACE (
yellow | 98 APM | 3101 actions | 31:45)
              
 5 Blademaster 
 3 Wind Walk
 2 Critical Strike
 5 Tauren Chieftain 
 3 War Stomp
 2 Endurance Aura
 
                » actions 
                
                | Assign group hotkey | 92 |  | 
| Basic commands | 22 |  | 
| Build / train | 76 |  | 
| ESC pressed | 3 |  | 
| Enter build submenu | 49 |  | 
| Enter hero's abilities submenu | 10 |  | 
| Give item / drop item | 18 |  | 
| Right click | 1348 |  | 
| Select / deselect | 302 |  | 
| Select group hotkey | 982 |  | 
| Use ability | 199 |  | 
                3101 total
 » units 
                
                | Peon | 14 |  | 
| Troll Witch Doctor | 5 |  | 
| Shaman | 3 |  | 
| Spirit Walker | 3 |  | 
| Goblin Zeppelin | 1 |  | 
                26 total
 » upgrades
                
                | Witch Doctor Training | 3 |  | 
| Shaman Training | 2 |  | 
| Reinforced Defenses | 1 |  | 
| Spirit Walker Training | 1 |  | 
| Backpack | 1 |  | 
                8 total
 » buildings
                
                | Altar of Storms | 1 |  | 
| Orc Burrow | 5 |  | 
| Voodoo Lounge | 3 |  | 
| War Mill | 1 |  | 
| Watch Tower | 32 |  | 
| Stronghold | 2 |  | 
| Spirit Lodge | 1 |  | 
| Fortress | 1 |  | 
| Great Hall | 3 |  | 
                49 total
 » build order
                00:11 Altar of Storms
00:23 Orc Burrow
00:58 Voodoo Lounge
01:06 War Mill
01:47 Orc Burrow
01:50 Orc Burrow
02:24 Watch Tower
02:44 Watch Tower
03:43 Voodoo Lounge
04:17 Stronghold
04:17 Stronghold
04:20 Watch Tower
04:22 Watch Tower
05:35 Watch Tower
05:36 Watch Tower
05:37 Watch Tower
05:41 Watch Tower
05:45 Watch Tower
07:01 Watch Tower
07:10 Spirit Lodge
07:23 Fortress
07:34 Watch Tower
07:52 Voodoo Lounge
08:16 Watch Tower
08:17 Watch Tower
08:38 Watch Tower
09:53 Watch Tower
09:54 Watch Tower
10:02 Watch Tower
10:19 Orc Burrow
11:38 Orc Burrow
12:21 Watch Tower
14:16 Great Hall
18:12 Watch Tower
21:41 Great Hall
28:15 Great Hall
28:15 Watch Tower
28:16 Watch Tower
28:17 Watch Tower
28:18 Watch Tower
28:18 Watch Tower
29:03 Watch Tower
29:04 Watch Tower
29:18 Watch Tower
29:22 Watch Tower
29:25 Watch Tower
29:26 Watch Tower
31:45 Watch Tower
31:45 Watch Tower
» items
                
                | Healing Salve | 4 |  | 
| Lesser Clarity Potion | 6 |  | 
| Scroll of Speed | 2 |  | 
| Circlet of Nobility | 2 |  | 
| Boots of Speed | 2 |  | 
| Staff of Teleportation | 2 |  | 
| Orb of Lightning | 2 |  | 
| Scroll of Town Portal | 4 |  | 
| Potion of Mana | 2 |  | 
                26 total
  
               team 2 (loser) 
              
              
babyseeeeeter (
red | 116 APM | 3689 actions | 31:44)
              
 4 Death Knight 
 2 Death Coil
 1 Unholy Aura
 1 Death Pact
 3 Lich 
 2 Frost Nova
 1 Dark Ritual
 
                » actions 
                
                | Assign group hotkey | 40 |  | 
| Basic commands | 33 |  | 
| Build / train | 65 |  | 
| Enter build submenu | 33 |  | 
| Enter hero's abilities submenu | 7 |  | 
| Give item / drop item | 2 |  | 
| Right click | 2221 |  | 
| Select / deselect | 501 |  | 
| Select group hotkey | 674 |  | 
| Use ability | 113 |  | 
                3689 total
 » units 
                
                | Acolyte | 12 |  | 
| Ghoul | 2 |  | 
| Crypt Fiend | 7 |  | 
| Obsidian Statue | 6 |  | 
| Abomination | 6 |  | 
| Meatwagon | 3 |  | 
                36 total
 » upgrades
                » buildings
                
                | Altar of Darkness | 1 |  | 
| Crypt | 1 |  | 
| Ziggurat | 13 |  | 
| Graveyard | 1 |  | 
| Tomb of Relics | 1 |  | 
| Nerubian Tower | 2 |  | 
| Halls of the Dead | 1 |  | 
| Slaughterhouse | 2 |  | 
| Black Citadel | 2 |  | 
| Spirit Tower | 3 |  | 
| Sacrificial Pit | 1 |  | 
                28 total
 » build order
                00:11 Altar of Darkness
00:16 Crypt
00:39 Ziggurat
01:11 Graveyard
01:40 Ziggurat
01:49 Tomb of Relics
03:19 Nerubian Tower
03:24 Ziggurat
04:55 Halls of the Dead
06:28 Ziggurat
07:17 Slaughterhouse
09:29 Ziggurat
10:34 Slaughterhouse
11:04 Black Citadel
11:05 Black Citadel
12:47 Ziggurat
12:48 Ziggurat
13:38 Ziggurat
15:22 Ziggurat
18:55 Ziggurat
19:31 Ziggurat
19:33 Ziggurat
20:29 Spirit Tower
20:31 Ziggurat
20:35 Spirit Tower
20:36 Spirit Tower
21:27 Nerubian Tower
30:14 Sacrificial Pit
» items
                
                | Rod of Necromancy | 2 |  | 
| Boots of Speed | 1 |  | 
| Dust of Appearance | 1 |  | 
| Orb of Corruption | 1 |  | 
| Scroll of Healing | 1 |  | 
                6 total
  
               
              
              
NaYoung[W3G] (
pink | 149 APM | 4742 actions | 31:45)
              
 4 Blademaster 
 2 Wind Walk
 2 Critical Strike
 4 Shadow Hunter 
 2 Hex
 2 Healing Wave
 
                » actions 
                
                | Assign group hotkey | 46 |  | 
| Basic commands | 74 |  | 
| Build / train | 103 |  | 
| ESC pressed | 3 |  | 
| Enter build submenu | 35 |  | 
| Enter hero's abilities submenu | 10 |  | 
| Give item / drop item | 5 |  | 
| Right click | 2203 |  | 
| Select / deselect | 713 |  | 
| Select group hotkey | 1305 |  | 
| Use ability | 245 |  | 
                4742 total
 » units 
                
                | Peon | 26 |  | 
| Grunt | 3 |  | 
| Raider | 5 |  | 
| Spirit Walker | 3 |  | 
| Goblin Zeppelin | 1 |  | 
| Wind Rider | 5 |  | 
| Troll Headhunter/Berserker | 1 |  | 
| Troll Batrider | 2 |  | 
| Demolisher | 2 |  | 
                48 total
 » upgrades
                
                | Ensnare | 1 |  | 
| Spirit Walker Training | 2 |  | 
| Armor | 1 |  | 
| Envenomed Spears | 1 |  | 
| Ranged Weapons | 2 |  | 
| Reinforced Defenses | 1 |  | 
                8 total
 » buildings
                
                | Altar of Storms | 2 |  | 
| Orc Burrow | 8 |  | 
| Barracks | 2 |  | 
| Voodoo Lounge | 3 |  | 
| Stronghold | 2 |  | 
| War Mill | 1 |  | 
| Watch Tower | 6 |  | 
| Beastiary | 2 |  | 
| Spirit Lodge | 2 |  | 
| Great Hall | 2 |  | 
| Fortress | 2 |  | 
                32 total
 » build order
                00:07 Altar of Storms
00:07 Altar of Storms
00:21 Orc Burrow
00:34 Barracks
01:31 Orc Burrow
01:53 Voodoo Lounge
01:54 Voodoo Lounge
02:53 Stronghold
03:51 War Mill
05:08 Watch Tower
05:48 Beastiary
06:49 Orc Burrow
07:55 Spirit Lodge
09:02 Great Hall
09:25 Watch Tower
09:46 Orc Burrow
11:21 Watch Tower
12:14 Voodoo Lounge
13:09 Fortress
13:09 Fortress
13:33 Spirit Lodge
13:51 Beastiary
13:53 Orc Burrow
14:44 Watch Tower
15:37 Barracks
16:24 Orc Burrow
19:00 Great Hall
21:20 Orc Burrow
21:25 Orc Burrow
28:05 Watch Tower
29:23 Watch Tower
» items
                
                | Healing Salve | 6 |  | 
| Boots of Speed | 1 |  | 
| Circlet of Nobility | 1 |  | 
| Dust of Appearance | 1 |  | 
| Lesser Clarity Potion | 5 |  | 
| Scroll of Speed | 1 |  | 
| Potion of Lesser Invulnerability | 1 |  | 
| Scroll of Town Portal | 3 |  | 
| Potion of Mana | 1 |  | 
| Orb of Lightning | 2 |  | 
                22 total
  
                Chat log
          
(05:04 / All) babyseeeeeter: ;;lol;
(10:36 / All) NaYoung[W3G]: thx
(11:13 / All) NaYoung[W3G]: good
(11:14 / Allies) GobinersASSFACE: TT
(11:34 / All) GobinersASSFACE: i really hate it when i lose heroes to asians with tiny dicks
(11:49 / All) NaYoung[W3G]: i hate tower too
(19:22 / Allies) GobinersASSFACE: ?
(19:27 / Allies) GobinersASSFACE: ?
(31:37 / All) GobinersASSFACE: 2ez
(31:40 / All) AKodoAteMyBaby: 2 e z
(31:42 / All) babyseeeeeter: fuck
(31:43 / All) NaYoung[W3G]: i don wanna play with trash